 Dungeon Crawl Stone Soup version 0.24-a0-342-gad4687c (webtiles) character file.

38 andaith the Shooter (level 3, 0/25 HPs)
             Began as a High Elf Hunter on Dec 12, 2016.
             Succumbed to an adder's poison
             ... on level 2 of the Dungeon on May 21, 2019.
             The game lasted 00:19:18 (946 turns).

andaith the Shooter (High Elf Hunter)                Turns: 946, Time: 00:19:19

Health: 0/25       AC:  3    Str: 11    XL:     3   Next: 25%
Magic:  4/4        EV: 12    Int: 14    God:
Gold:   47         SH:  0    Dex: 17    Spells: 2/2 levels left

rFire    . . .     SeeInvis .   b - +0 short sword
rCold    . . .     Gourm    .   (no shield)
rNeg     . . .     Faith    .   c - +0 leather armour
rPois    .         Spirit   .   (no helmet)
rElec    .         Reflect  .   (no cloak)
rCorr    .         Harm     .   (no gloves)
MR       .....                  (no boots)
Stlth    ++........             (no amulet)
HPRegen  0.08/turn              s - ring of wizardry
MPRegen  0.09/turn              (no ring)

@: lethally poisoned (0 -> -12)
A: no striking features
a: no special abilities


You were on level 2 of the Dungeon.
You were not hungry.

You visited 1 branch of the dungeon, and saw 2 of its levels.

You collected 47 gold pieces.

Inventory:

Hand Weapons
 a - a +1 shortbow
 b - a +0 short sword (weapon)
 i - a +0 whip
 m - a +0 club
 n - a +0 dagger
 o - a +0 dagger
 q - a +0 hand axe
 t - a +0 mace
 w - a +0 club
 z - a +0 dagger
 E - a +0 dagger
Missiles
 d - 13 arrows (quivered)
 e - 20 stones
 x - 7 boomerangs
 y - 4 curare-tipped darts
Armour
 c - a +0 leather armour (worn)
 A - a +0 robe
 D - a +0 cloak
Jewellery
 s - a ring of wizardry (left hand)
Scrolls
 j - a scroll of teleportation {unknown}
 l - 2 scrolls of identify {unknown}
 r - a scroll of blinking {unknown}
 C - a scroll of amnesia {unknown}
 F - a scroll of magic mapping {unknown}
Potions
 g - a potion of curing {unknown}
 p - a potion of cancellation {unknown}
 v - a potion of agility {unknown}
 B - a potion of berserk rage {unknown}
Comestibles
 f - 2 rations
 h - a ration
 k - 3 chunks of flesh
 u - a ration


   Skills:
 + Level 2.5 Fighting
 + Level 6.3 Bows
 + Level 0.4 Armour
 + Level 2.2 Dodging
 + Level 1.1 Stealth


You had 2 spell levels left.
You didn't know any spells.
Your spell library was empty.

Dungeon Overview and Level Annotations

Branches:
Dungeon (2/15)

Altars:


Message History

That item cannot be evoked!
You miss the adder.
You feel sick. The adder bites you. The adder bites you but does no damage.
You closely miss the adder.
You feel sick. The adder bites you.
You barely miss the adder. The adder barely misses you.
You hit the adder.
The adder is lightly wounded.
* * * LOW HITPOINT WARNING * * *
You feel sick. The adder barely misses you. The adder closely misses you.
You hit the adder.
The adder is moderately wounded.
* * * LOW HITPOINT WARNING * * *
You feel sick. The adder bites you.
* * * LOW HITPOINT WARNING * * *
You are more poisoned.
The adder poisons you!
Unknown command.
You barely miss the adder.
The adder is moderately wounded.
You die...

#...........########
#...........'.......
#...........#.......
#...........#.......
#...........#.......
#...........+..##'##
#...........##.##.#
##'#######+###.##.#
#.@S...... #.##.##
#############.##...
.............
.............
##########... #.##
#.# #.# ...


You could see an adder.

Vanquished Creatures
  2 dart slugs
  2 leopard geckos (D:1)
  2 giant cockroaches
  4 goblins
  5 hobgoblins
  2 jackals (D:1)
  3 bats
  5 frilled lizards
  3 kobolds
  2 rats (D:1)
30 creatures vanquished.

Notes
Turn   | Place    | Note
-------+----------+-------------------------------------------
     0 | D:1      | andaith the High Elf Hunter began the quest for the Orb.
     0 | D:1      | Reached XP level 1. HP: 14/14 MP: 2/2
   203 | D:1      | Reached XP level 2. HP: 13/19 MP: 3/3
   385 | D:1      | Reached skill level 6 in Bows
   667 | D:1      | Upgraded the game from 0.20-a0-274-g7b51309 to
                  | 0.21-a0-440-g28109cb
   693 | D:2      | Upgraded the game from 0.23-a0-702-gd214142 to
                  | 0.24-a0-309-g1095bca
   693 | D:2      | Reached XP level 3. HP: 17/25 MP: 4/4
   803 | D:2      | Upgraded the game from 0.24-a0-309-g1095bca to
                  | 0.24-a0-333-g864f2b5
   806 | D:2      | Upgraded the game from 0.24-a0-333-g864f2b5 to
                  | 0.24-a0-342-gad4687c
   945 | D:2      | HP: 1/25 [adder (5)]
   946 | D:2      | Succumbed to an adder's poison

Levels and vault maps discovered:
D:1:      dpeg_arrival_simpleton_a

Skill      XL: |  1  2 |
---------------+-------+-----
Bows           | 6 |  6.3
Fighting       | |  2.5
Armour         | |  0.4
Dodging        | |  2.2
Stealth        | |  1.1

Action                   || total
-------------------------++-------
Melee: Short sword       ||    55
       Mace              ||     4
 Fire: Shortbow          ||    36
 Stab: Sleeping          ||     1
Armor: Leather armour    ||    20
Dodge: Dodged            ||    44

Table legend:
 A = Non-vault XP
 B = Vault XP
 C = Vault XP percentage of total XP
 D = Non-vault monster count
 E = Vault monster count
 F = Vault count percentage of total count
                 A         B        C        D         E       F
            +---------+---------+-------+---------+---------+-------
      Total |      16 |       0 |   0.0 |       8 |       0 |   0.0
            +---------+---------+-------+---------+---------+-------
        D:2 |      16 |       0 |   0.0 |       8 |       0 |   0.0
            +---------+---------+-------+---------+---------+-------
